% Time on Ice - ANAHEIM OUTLAWS
Lines # - Real PCT - Wanted PCT - Time Play
Normal Forward
1 - 33% - 36% - 17:54
2 - 28% - 31% - 15:19
3 - 24% - 23% - 13:06
4 - 14% - 10% - 7:42
Normal Defense
1 - 31% - 36% - 16:32
2 - 30% - 31% - 16:08
3 - 30% - 23% - 16:24
4 - 9% - 10% - 4:57
PP Forward
1 - 53% - 55% - 1:03
2 - 47% - 45% - 0:56
PP Defense
1 - 55% - 55% - 1:05
2 - 45% - 45% - 0:54
PK Forward
1 - 75% - 55% - 1:31
2 - 25% - 45% - 0:30
PK Defense
1 - 75% - 55% - 1:31
2 - 25% - 45% - 0:30
PK3 Forward
1 - 53% - 55% - 0:43
2 - 47% - 45% - 0:38
PK3 Defense
1 - 48% - 55% - 0:39
2 - 52% - 45% - 0:42
44 Forward
1 - 100% - 55% - 0:38
2 - 0% - 45% - 0:00
44 Defense
1 - 29% - 55% - 0:11
2 - 71% - 45% - 0:27
Last Minute Offensive  - 0:00
Last Minute Defensive  - 0:00
Total
Forward - 60:00
Defense - 60:00
% Time on Ice - LONG BEACH BARACUDAS
Lines # - Real PCT - Wanted PCT - Time Play
Normal Forward
1 - 35% - 40% - 18:52
2 - 29% - 33% - 15:51
3 - 21% - 18% - 11:21
4 - 15% - 9% - 7:57
Normal Defense
1 - 33% - 40% - 17:37
2 - 32% - 30% - 17:22
3 - 28% - 15% - 15:00
4 - 7% - 15% - 4:02
PP Forward
1 - 54% - 51% - 1:05
2 - 46% - 49% - 0:56
PP Defense
1 - 54% - 55% - 1:05
2 - 46% - 45% - 0:56
PK Forward
1 - 76% - 60% - 1:30
2 - 24% - 40% - 0:29
PK Defense
1 - 63% - 55% - 1:15
2 - 37% - 45% - 0:44
PK3 Forward
1 - 0% - 55%
2 - 0% - 45%
PK3 Defense
1 - 0% - 55%
2 - 0% - 45%
44 Forward
1 - 100% - 55% - 1:59
2 - 0% - 45% - 0:00
44 Defense
1 - 57% - 55% - 1:08
2 - 43% - 45% - 0:51
Last Minute Offensive  - 0:00
Last Minute Defensive  - 0:00
Total
Forward - 60:00
Defense - 60:00
Play-by-Play 1st period 0:01 of 1st period - Brock Nelson wins face-off versus Kasperi Kapanen in neutral zone. 0:03 of 1st period - Reyley Smith is hit by Patrik Nemeth and loses puck. 0:06 of 1st period - Shot by Reyley Smith. 0:06 of 1st period - Stopped by Mackenzie Blackwood with a rebound. 0:08 of 1st period - Shot by Taylor Hall. 0:08 of 1st period - Stopped by Mackenzie Blackwood without a rebound. 0:09 of 1st period - Eric Staal wins face-off versus Pierre-Edouard Bellemare in ANAHEIM OUTLAWS zone. 0:22 of 1st period - Shot by Eric Staal. 0:22 of 1st period - Stopped by Jonathan Quick without a rebound. 0:23 of 1st period - Jordan Staal wins face-off versus Derek Stepan in LONG BEACH BARACUDAS zone. 0:27 of 1st period - Minor Penalty to Rocco Grimaldi for Hooking. 0:28 of 1st period - John Tavares wins face-off versus Steven Stamkos in ANAHEIM OUTLAWS zone. 0:37 of 1st period - Shot by Steven Stamkos. 0:37 of 1st period - Shot Blocked by Jordan Staal. 0:39 of 1st period - Shot by Reyley Smith. 0:39 of 1st period - Stopped by Mackenzie Blackwood without a rebound. 0:40 of 1st period - John Tavares wins face-off versus Brock Nelson in ANAHEIM OUTLAWS zone. 2:02 of 1st period - Shot by Reyley Smith. 2:02 of 1st period - Stopped by Mackenzie Blackwood with a rebound. 2:22 of 1st period - Shot by Reyley Smith. 2:22 of 1st period - Shot Misses the Net. 2:35 of 1st period - Derek Stepan is hit by Justin Faulk. 3:19 of 1st period - Henri Jokiharju is hit by Brad Richardson and loses puck. 3:30 of 1st period - Shot by Sam Bennett. 3:30 of 1st period - Shot Blocked by Michael Del Zotto. 3:32 of 1st period - Shot by Henri Jokiharju. 3:32 of 1st period - Shot Blocked by Jordie Benn. 3:34 of 1st period - Shot by Henri Jokiharju. 3:34 of 1st period - Shot Misses the Net. 3:36 of 1st period - Shot by Henri Jokiharju. 3:36 of 1st period - Shot Blocked by Brad Richardson. 3:38 of 1st period - Shot by Pierre Engvall. 3:38 of 1st period - Shot Misses the Net. 4:07 of 1st period - Shot by Adrian Kempe. 4:07 of 1st period - Shot Blocked by Michael Del Zotto. 4:09 of 1st period - Shot by John Tavares. 4:09 of 1st period - Shot Blocked by Jordie Benn. 4:34 of 1st period - Icing by J.T. Compher. 4:35 of 1st period - Eric Staal wins face-off versus Brad Richardson in LONG BEACH BARACUDAS zone. 4:46 of 1st period - Shot by Alexander Nylander. 4:46 of 1st period - Shot Blocked by Jordie Benn. 4:48 of 1st period - Shot by Jake Gardiner. 4:48 of 1st period - Stopped by Jonathan Quick without a rebound. 4:49 of 1st period - Brock Nelson wins face-off versus Rocco Grimaldi in LONG BEACH BARACUDAS zone. 4:49 of 1st period - Brock Nelson is hit by Richard Panik. 5:25 of 1st period - Shot by Taylor Hall. 5:25 of 1st period - Stopped by Mackenzie Blackwood without a rebound. 5:26 of 1st period - Eric Staal wins face-off versus Pierre-Edouard Bellemare in ANAHEIM OUTLAWS zone. 5:43 of 1st period - Shot by Kyle Palmieri. 5:43 of 1st period - Shot Misses the Net. 6:34 of 1st period - Brock Nelson is hit by Adrian Kempe and loses puck. 6:40 of 1st period - Taylor Hall is hit by Thomas Hickey and loses puck. 8:00 of 1st period - Icing by Justin Faulk. 8:01 of 1st period - Jordan Staal wins face-off versus Pierre-Edouard Bellemare in ANAHEIM OUTLAWS zone. 8:40 of 1st period - Henri Jokiharju is hit by Pierre-Edouard Bellemare and loses puck. 8:58 of 1st period - Shot by Reyley Smith. 8:58 of 1st period - Shot Misses the Net. 9:00 of 1st period - Shot by Reyley Smith. 9:00 of 1st period - Deflect By Taylor Hall. 9:00 of 1st period - Stopped by Mackenzie Blackwood without a rebound. 9:01 of 1st period - John Tavares wins face-off versus Brad Richardson in ANAHEIM OUTLAWS zone. 9:16 of 1st period - Shot by Brad Richardson. 9:16 of 1st period - Shot Misses the Net. 9:28 of 1st period - Shot by J.T. Compher. 9:28 of 1st period - Shot Misses the Net. 9:57 of 1st period - Shot by Jake DeBrusk. 9:57 of 1st period - Shot Misses the Net. 10:08 of 1st period - Brad Richardson is hit by Jake Gardiner. 10:24 of 1st period - Shot by Eric Staal. 10:24 of 1st period - Shot Misses the Net. 10:45 of 1st period - Shot by Pierre Engvall. 10:45 of 1st period - Shot Misses the Net. 10:47 of 1st period - Shot by Justin Faulk. 10:47 of 1st period - Deflect By Sam Bennett. 10:47 of 1st period - Shot Misses the Net. 11:04 of 1st period - Minor Penalty to Brock Nelson for Slashing. 11:05 of 1st period - Adrian Kempe wins face-off versus Derek Stepan in LONG BEACH BARACUDAS zone. 11:42 of 1st period - Shot by Adrian Kempe. 11:42 of 1st period - Shot Misses the Net. 12:19 of 1st period - Shot by Jake DeBrusk. 12:19 of 1st period - Stopped by Jonathan Quick without a rebound. 12:20 of 1st period - Pierre-Edouard Bellemare wins face-off versus John Tavares in LONG BEACH BARACUDAS zone. 12:38 of 1st period - Shot by Noah Hanifin. 12:38 of 1st period - Shot Misses the Net. 12:40 of 1st period - Shot by John Tavares. 12:40 of 1st period - Stopped by Jonathan Quick without a rebound. 12:41 of 1st period - Derek Stepan wins face-off versus Eric Staal in LONG BEACH BARACUDAS zone. 13:02 of 1st period - Shot by Richard Panik. 13:02 of 1st period - Deflect By Eric Staal. 13:02 of 1st period - Shot Blocked by Michael Del Zotto. 14:04 of 1st period - Shot by John Tavares. 14:04 of 1st period - Goal by John Tavares - ANAHEIM OUTLAWS : 1 - LONG BEACH BARACUDAS : 0. 14:05 of 1st period - Pierre-Edouard Bellemare wins face-off versus Eric Staal in neutral zone. 15:06 of 1st period - Shot by John Tavares. 15:06 of 1st period - Stopped by Jonathan Quick with a rebound. 15:08 of 1st period - Shot by John Tavares. 15:08 of 1st period - Shot Blocked by Steven Stamkos. 15:28 of 1st period - Steven Stamkos is hit by Adrian Kempe. 15:56 of 1st period - Mikael Granlund is hit by Thomas Hickey and loses puck. 16:52 of 1st period - Shot by Brock Nelson. 16:52 of 1st period - Shot Misses the Net. 16:54 of 1st period - Shot by Reyley Smith. 16:54 of 1st period - Stopped by Mackenzie Blackwood without a rebound. 16:55 of 1st period - Taylor Hall wins face-off versus Eric Staal in ANAHEIM OUTLAWS zone. 17:14 of 1st period - Shot by Jake DeBrusk. 17:14 of 1st period - Stopped by Jonathan Quick without a rebound. 17:15 of 1st period - Brad Richardson wins face-off versus Michael Grabner in LONG BEACH BARACUDAS zone. 17:29 of 1st period - Shot by Sam Bennett. 17:29 of 1st period - Shot Hit the Post. 17:37 of 1st period - Justin Faulk is hit by Brad Richardson and loses puck. 18:00 of 1st period - Shot by John Tavares. 18:00 of 1st period - Stopped by Jonathan Quick with a rebound. 19:05 of 1st period - Shot by Reyley Smith. 19:05 of 1st period - Shot Blocked by Patrik Nemeth. 19:07 of 1st period - Shot by Reyley Smith. 19:07 of 1st period - Stopped by Mackenzie Blackwood with a rebound. 19:09 of 1st period - Shot by Alex Pietrangelo. 19:09 of 1st period - Shot Blocked by Patrik Nemeth. 19:11 of 1st period - Shot by Brock Nelson. 19:11 of 1st period - Stopped by Mackenzie Blackwood without a rebound. 19:12 of 1st period - Pierre-Edouard Bellemare wins face-off versus Jordan Staal in ANAHEIM OUTLAWS zone. 19:13 of 1st period - Shot by Steven Stamkos. 19:13 of 1st period - Shot Blocked by Noah Hanifin. 19:15 of 1st period - Shot by Jordie Benn. 19:15 of 1st period - Shot Blocked by Justin Faulk. 19:43 of 1st period - Richard Panik is hit by Steven Stamkos and loses puck. Goals for this period are 1 for ANAHEIM OUTLAWS vs 0 for LONG BEACH BARACUDAS. Shots for this period are 8 for ANAHEIM OUTLAWS vs 9 for LONG BEACH BARACUDAS. 2nd period 0:01 of 2nd period - John Tavares wins face-off versus Brock Nelson in neutral zone. 0:06 of 2nd period - Shot by John Tavares. 0:06 of 2nd period - Shot Misses the Net. 0:12 of 2nd period - Shot by John Tavares. 0:12 of 2nd period - Deflect By Adrian Kempe. 0:12 of 2nd period - Stopped by Jonathan Quick without a rebound. 0:13 of 2nd period - Pierre-Edouard Bellemare wins face-off versus Eric Staal in LONG BEACH BARACUDAS zone. 0:13 of 2nd period - Pierre-Edouard Bellemare is hit by Jake DeBrusk. 0:20 of 2nd period - Alex Pietrangelo is hit by Jake Gardiner and loses puck. 0:27 of 2nd period - Shot by Jake DeBrusk. 0:27 of 2nd period - Stopped by Jonathan Quick without a rebound. 0:28 of 2nd period - John Tavares wins face-off versus Reyley Smith in LONG BEACH BARACUDAS zone. 1:48 of 2nd period - Shot by Steven Stamkos. 1:48 of 2nd period - Shot Blocked by John Tavares. 2:24 of 2nd period - Shot by Mikael Granlund. 2:24 of 2nd period - Stopped by Mackenzie Blackwood without a rebound. 2:25 of 2nd period - Brad Richardson wins face-off versus Eric Staal in ANAHEIM OUTLAWS zone. 3:03 of 2nd period - Shot by J.T. Compher. 3:03 of 2nd period - Stopped by Mackenzie Blackwood without a rebound. 3:04 of 2nd period - Jordan Staal wins face-off versus Brock Nelson in ANAHEIM OUTLAWS zone. 3:15 of 2nd period - Shot by Rocco Grimaldi. 3:15 of 2nd period - Shot Blocked by Alex Pietrangelo. 3:29 of 2nd period - Shot by Richard Panik. 3:29 of 2nd period - Shot Misses the Net. 3:31 of 2nd period - Shot by Richard Panik. 3:31 of 2nd period - Shot Misses the Net. 3:33 of 2nd period - Shot by Jordan Staal. 3:33 of 2nd period - Shot Misses the Net. 3:35 of 2nd period - Shot by Richard Panik. 3:35 of 2nd period - Shot Misses the Net. 3:37 of 2nd period - Shot by Jordan Staal. 3:37 of 2nd period - Shot Blocked by Ron Hainsey. 3:39 of 2nd period - Shot by Jordan Staal. 3:39 of 2nd period - Shot Misses the Net. 3:41 of 2nd period - Shot by Jordan Staal. 3:41 of 2nd period - Stopped by Jonathan Quick without a rebound. 3:42 of 2nd period - Pierre-Edouard Bellemare wins face-off versus Sam Bennett in LONG BEACH BARACUDAS zone. 4:01 of 2nd period - Shot by Pierre-Edouard Bellemare. 4:01 of 2nd period - Shot Blocked by Michael Grabner. 4:03 of 2nd period - Shot by Kyle Palmieri. 4:03 of 2nd period - Stopped by Mackenzie Blackwood without a rebound. 4:04 of 2nd period - Eric Staal wins face-off versus Derek Stepan in ANAHEIM OUTLAWS zone. 5:03 of 2nd period - Shot by Taylor Hall. 5:03 of 2nd period - Stopped by Mackenzie Blackwood with a rebound. 5:18 of 2nd period - Icing by Noah Hanifin. 5:19 of 2nd period - Pierre-Edouard Bellemare wins face-off versus Eric Staal in ANAHEIM OUTLAWS zone. 5:37 of 2nd period - Icing by Ben Hutton. 5:38 of 2nd period - John Tavares wins face-off versus Pierre-Edouard Bellemare in LONG BEACH BARACUDAS zone. 5:55 of 2nd period - Shot by Adrian Kempe. 5:55 of 2nd period - Stopped by Jonathan Quick with a rebound. 5:57 of 2nd period - Shot by Adrian Kempe. 5:57 of 2nd period - Stopped by Jonathan Quick with a rebound. 5:59 of 2nd period - Shot by Adrian Kempe. 5:59 of 2nd period - Stopped by Jonathan Quick without a rebound. 6:00 of 2nd period - Brock Nelson wins face-off versus Jordan Staal in LONG BEACH BARACUDAS zone. 6:16 of 2nd period - Icing by Patrik Nemeth. 6:17 of 2nd period - Derek Stepan wins face-off versus Jordan Staal in ANAHEIM OUTLAWS zone. 6:20 of 2nd period - Shot by Mikael Granlund. 6:20 of 2nd period - Shot Blocked by Jordan Staal. 6:59 of 2nd period - Mikael Granlund is